 Dungeon Crawl Stone Soup version 0.29.1-1-gd02db69 (webtiles) character file.

Game seed: 4309096045245299647

1905 Kel the Grappler (level 8, -6/74 HPs)
             Began as a Troll Berserker on Mar 21, 2023.
             Was an Elder of Trog.
             Mangled by a killer bee (7 damage)
             ... on level 7 of the Dungeon.
             The game lasted 00:11:23 (4752 turns).

Kel the Grappler (Troll Berserker)                  Turns: 4752, Time: 00:11:24

Health: -6/74      AC:  4    Str: 28    XL:     8   Next: 94%
Magic:  7/7        EV: 10    Int:  3    God:    Trog [****..]
Gold:   292        SH:  0    Dex:  9    Spells: 7/7 levels left

rFire   + . .      SeeInvis .     - Unarmed
rCold   + . .      Faith    .   (no shield)
rNeg    . . .      Spirit   .   a - +0 animal skin
rPois   .          Reflect  .   (helmet restricted)
rElec   .          Harm     .   (no cloak)
rCorr   .          Rampage  .   (gloves unavailable)
Will    .....                   (boots unavailable)
Stlth   +.........              (no amulet)
HPRegen 1.02/turn               m - ring of protection from fire
MPRegen 0.10/turn               s - ring of protection from cold

@: brilliant, lethally poisoned (-6 -> -10), on berserk cooldown
A: large, unfitting armour, claws 3, regeneration 1, shaggy fur 1, tough skin 1
a: Renounce Religion, Berserk, Trog's Hand, Brothers in Arms


You were on level 7 of the Dungeon.
You worshipped Trog.
Trog was greatly pleased with you.
You visited 1 branch of the dungeon, and saw 7 of its levels.

You collected 292 gold pieces.

Inventory:

Missiles
 n - 2 throwing nets (quivered)
Armour
 a - a +0 animal skin (worn)
Jewellery
 m - a ring of protection from fire (left claw)
 s - a ring of protection from cold (right claw)
 t - a ring of see invisible
Wands
 o - a wand of flame (15)
 w - a wand of acid (3)
Scrolls
 d - a scroll of silence {unknown}
 e - a scroll of butterflies {unknown}
 f - a scroll of enchant armour {unknown}
 g - 2 scrolls of teleportation {unknown}
 i - 3 scrolls of torment {unknown}
 j - a scroll of enchant weapon {unknown}
 p - 4 scrolls of poison {unknown}
 q - 5 scrolls of identify {unknown}
 u - 2 scrolls of brand weapon {unknown}
 x - 3 scrolls of amnesia {unknown}
Potions
 c - 2 potions of brilliance
 h - a potion of heal wounds {unknown}
 k - a potion of lignification {unknown}
 l - a potion of invisibility {unknown}
 r - a potion of cancellation {unknown}
 v - a potion of berserk rage {unknown}


   Skills:
 - Level 2.4 Fighting
 - Level 2.4 Dodging
 + Level 11.9 Unarmed Combat


You had 7 spell levels left.
You didn't know any spells.
Your spell library was empty.

Dungeon Overview and Level Annotations

Branches:
Dungeon (7/15)             Temple (0/1) D:6

Altars:
Ashenzari
Dithmenos
Elyvilon

Shops:
D:4 (


Innate Abilities, Weirdness & Mutations

You are too large for most types of armour.
You have claws for hands.
Your natural rate of healing is unusually fast.
You are covered in fur. (AC +1)
You have tough skin. (AC +1)


Message History

The killer bee is moderately wounded.
The killer bee stings you.
* * * LOW HITPOINT WARNING * * *
The water moccasin barely misses you. The killer bee stings you!
* * * LOW HITPOINT WARNING * * *
You miss the killer bee.
The killer bee is moderately wounded.
The killer bee stings you.
* * * LOW HITPOINT WARNING * * *
The water moccasin bites you.
* * * LOW HITPOINT WARNING * * *
You scratch the killer bee.
The killer bee is heavily wounded.
The killer bee completely misses you. The water moccasin bites you.
* * * LOW HITPOINT WARNING * * *
The killer bee stings you but does no damage.
You feel better. The killer bee closely misses you.
The water moccasin misses you. The killer bee completely misses you.
The water moccasin closely misses you.
You feel better.
The killer bee stings you but does no damage.
The water moccasin bites you.
* * * LOW HITPOINT WARNING * * *
You are poisoned.
The water moccasin poisons you! The killer bee stings you.
* * * LOW HITPOINT WARNING * * *
You feel better. The killer bee barely misses you.
The water moccasin bites you.
* * * LOW HITPOINT WARNING * * *
The killer bee stings you!
* * * LOW HITPOINT WARNING * * *
It was a potion of brilliance.
You feel clever all of a sudden. The killer bee stings you.
* * * LOW HITPOINT WARNING * * *
You are poisoned.
The killer bee poisons you! The water moccasin bites you.
* * * LOW HITPOINT WARNING * * *
The killer bee stings you!
You die...

#...##....§§P.#
#####.####.§..#
... ##...# ....
###.# ##### #.#
#)# #)# #S# #@#
#y# .o. ....#
#...## #...#
...$# ..####


You could see a water moccasin, a killer bee and an orc.

Vanquished Creatures
  A black bear (D:4)
  2 ice beasts (D:6)
  4 ogres
  A phantom (D:6)
  3 bullfrogs
  2 howler monkeys
  7 hounds
  2 orc priests
  7 iguanas
  3 jellies
  4 orc wizards
  Robin (D:2)
  8 gnolls
  8 adders
  2 white imps (D:6)
  An ufetubus (D:6)
  5 dart slugs
  24 orcs
  6 endoplasms
  20 goblins
  9 hobgoblins
  6 kobolds
  2 quokkas
  8 ball pythons
  12 bats
  4 frilled lizards
  7 rats
159 creatures vanquished.

Vanquished Creatures (others)
  A quokka (D:4)
  A withered plant (D:7)
2 creatures vanquished.

Grand Total: 161 creatures vanquished

Notes
Turn   | Place    | Note
-------+----------+-------------------------------------------
     0 | D:1      | Kel the Troll Berserker began the quest for the Orb.
     0 | D:1      | Reached XP level 1. HP: 22/22 MP: 0/0
   102 | D:1      | Reached XP level 2. HP: 29/29 MP: 1/1
   199 | D:1      | Found a faded altar of an unknown god.
   357 | D:1      | Reached skill level 4 in Unarmed Combat
   655 | D:1      | Reached XP level 3. HP: 36/36 MP: 2/2
   913 | D:1      | Reached ** piety under Trog
  1207 | D:2      | Reached skill level 5 in Unarmed Combat
  1207 | D:2      | Reached XP level 4. HP: 21/44 MP: 3/3
  1582 | D:2      | Noticed Robin
  1589 | D:2      | Killed Robin
  2040 | D:3      | Reached XP level 5. HP: 50/50 MP: 4/4
  2507 | D:4      | Noticed an ogre
  2516 | D:4      | Killed an ogre
  2517 | D:4      | Reached skill level 6 in Unarmed Combat
  2520 | D:4      | Reached XP level 6. HP: 59/59 MP: 5/5
  2580 | D:4      | Reached *** piety under Trog
  2583 | D:4      | Reached skill level 7 in Unarmed Combat
  2716 | D:4      | Reached skill level 8 in Unarmed Combat
  2716 | D:4      | Reached XP level 7. HP: 61/66 MP: 6/6
  2792 | D:4      | Found a white marble altar of Elyvilon.
  2797 | D:4      | Found Ishroam's Antique Weapon Shop.
  3066 | D:5      | Entered Level 5 of the Dungeon
  3156 | D:5      | Found a broken altar of Ashenzari.
  3240 | D:5      | Reached skill level 9 in Unarmed Combat
  3468 | D:5      | Reached **** piety under Trog
  3469 | D:5      | Reached XP level 8. HP: 55/74 MP: 7/7
  3751 | D:6      | Reached skill level 10 in Unarmed Combat
  4021 | D:6      | Found a staircase to the Ecumenical Temple.
  4189 | D:6      | Reached skill level 11 in Unarmed Combat
  4325 | D:6      | Found a shadowy altar of Dithmenos.
  4748 | D:7      | HP: 3/74 [water moccasin (6)]
  4752 | D:7      | HP: 1/74 [water moccasin (4)]
  4752 | D:7      | Mangled by a killer bee

Illustrated notes

Levels and vault maps discovered:
D:1:      dpeg_arrival_subterranean_lakeside_camping, layout_basic,
          chequers_ecumenical_altar_simple_redux
D:2:      layout_loops_corners, uniq_robin
D:3:      layout_loops_ring
D:4:      layout_cave_pools, elyvilon_altar_4, serial_shops, shop
D:5:      layout_basic, evilmike_ruin_ashenzari, glass_columns_a
D:6:      layout_loops_corners, nicolae_dithmenos_shadow_blocks,
          minmay_temple_entry_junction, serial_bayou_pond_d,
          nicolae_figureground_sparkle
D:7:      layout_basic, tso_metal_star, kennysheep_little_box, serial_undead,
          serial_undead_f, serial_undead_f, serial_undead_b, serial_undead_c,
          serial_undead_e, serial_undead_b, nicolae_shop_i_like_big_books,
          grunt_ministairs_7, minmay_bent

Skill      XL: |  1  2  3  4  5  6  7  8 |
---------------+-------------------------+-----
Unarmed Combat | 4 5 6 8 9 11 | 11.9
Fighting       | |  2.4
Dodging        | |  2.4

Action                   |  1- 3 |  4- 6 |  7- 9 || total
-------------------------+-------+-------+-------++-------
Melee: Unarmed           |    82 |   106 |   187 ||   375
       Punch             |     1 |     4 |     9 ||    14
Invok: Berserk           |     1 |     2 |     3 ||     6
  Use: Potion            |       |       |     6 ||     6
 Stab: Sleeping          |     3 |       |       ||     3
Armor: Animal skin       |    29 |    41 |    55 ||   125
Dodge: Dodged            |    41 |    59 |   106 ||   206
